General information
- name: BNet
- type: Ladder team game (AT/RT)
- host: Battle.net
- saver: TRAININGWHEELS
map: Deadlock
- players: 8
- length: 71:48
- speed: Fast
- version: 1.26 W3XP
- replay type: Public
» download(405 KB)
Players
team 1 (loser)
KBilly (
green | 37 APM | 2680 actions | 71:46)
7 Blademaster
3 Wind Walk
3 Critical Strike
1 Bladestorm
5 Shadow Hunter
1 Hex
3 Healing Wave
1 Serpent Ward
» actions
| Assign group hotkey | 52 | |
| Basic commands | 131 | |
| Build / train | 133 | |
| ESC pressed | 3 | |
| Enter build submenu | 60 | |
| Enter hero's abilities submenu | 12 | |
| Remove unit from queue | 1 | |
| Right click | 745 | |
| Select / deselect | 590 | |
| Select group hotkey | 668 | |
| Use ability | 285 | |
2680 total
» units
| Peon | 21 | |
| Grunt | 5 | |
| Raider | 10 | |
| Spirit Walker | 1 | |
| Troll Headhunter/Berserker | 7 | |
| Troll Batrider | 11 | |
| Demolisher | 1 | |
| Acolyte | 3 | |
| Crypt Fiend | 7 | |
| Frost Wyrm | 3 | |
69 total
» upgrades
| Berserker Strength | 1 | |
| Armor | 3 | |
| Spiked Barricades | 1 | |
| Pillage | 1 | |
| Ensnare | 1 | |
| Spirit Walker Training | 1 | |
| Melee Weapons | 1 | |
| Witch Doctor Training | 1 | |
| Reinforced Defenses | 1 | |
| Berserker Upgrade | 1 | |
| Ranged Weapons | 3 | |
| Liquid Fire | 1 | |
16 total
» buildings
| Altar of Storms | 1 | |
| Orc Burrow | 18 | |
| Barracks | 1 | |
| Voodoo Lounge | 3 | |
| Stronghold | 1 | |
| War Mill | 2 | |
| Great Hall | 6 | |
| Beastiary | 4 | |
| Spirit Lodge | 1 | |
| Watch Tower | 9 | |
| Fortress | 1 | |
| Necropolis | 1 | |
| Ziggurat | 2 | |
| Graveyard | 1 | |
| Crypt | 1 | |
| Nerubian Tower | 1 | |
| Altar of Darkness | 1 | |
| Spirit Tower | 1 | |
| Tomb of Relics | 1 | |
| Halls of the Dead | 1 | |
57 total
» build order
00:09 Altar of Storms
00:20 Orc Burrow
00:36 Barracks
01:40 Orc Burrow
02:06 Voodoo Lounge
03:15 Stronghold
03:33 Orc Burrow
04:42 War Mill
06:17 Great Hall
06:28 Beastiary
07:11 Spirit Lodge
08:20 Watch Tower
10:00 Fortress
10:04 Watch Tower
11:28 Orc Burrow
11:36 Orc Burrow
11:46 Voodoo Lounge
11:51 Watch Tower
12:18 Beastiary
13:32 Watch Tower
13:37 Orc Burrow
14:20 Orc Burrow
14:39 Orc Burrow
16:40 Beastiary
16:45 Beastiary
19:25 Watch Tower
22:12 Great Hall
23:04 Orc Burrow
23:06 Watch Tower
23:27 Great Hall
23:30 Watch Tower
23:30 Watch Tower
23:33 Orc Burrow
26:12 Great Hall
27:22 Great Hall
29:06 Orc Burrow
29:10 Voodoo Lounge
29:19 Orc Burrow
30:07 War Mill
31:09 Orc Burrow
31:17 Orc Burrow
32:09 Watch Tower
34:47 Orc Burrow
38:15 Orc Burrow
43:37 Orc Burrow
43:43 Orc Burrow
47:14 Great Hall
54:57 Necropolis
60:59 Ziggurat
61:02 Ziggurat
61:34 Graveyard
61:47 Crypt
62:03 Nerubian Tower
63:03 Altar of Darkness
63:21 Spirit Tower
67:25 Tomb of Relics
68:37 Halls of the Dead
» items
| Healing Salve | 3 | |
| Scroll of Speed | 3 | |
| Lesser Clarity Potion | 2 | |
| Potion of Mana | 2 | |
| Potion of Healing | 5 | |
| Scroll of Town Portal | 4 | |
| Orb of Lightning | 1 | |
| Boots of Speed | 1 | |
| Circlet of Nobility | 2 | |
| Tiny Great Hall | 1 | |
| Potion of Lesser Invulnerability | 1 | |
| Scroll of Healing | 1 | |
| Scroll of Protection | 1 | |
27 total
Undeadisshlt (
blue | 69 APM | 4830 actions | 69:32)
7 Death Knight
3 Death Coil
3 Unholy Aura
1 Animate Dead
6 Lich
3 Frost Nova
2 Frost Armor
1 Death and Decay
» actions
| Assign group hotkey | 54 | |
| Basic commands | 73 | |
| Build / train | 205 | |
| ESC pressed | 5 | |
| Enter build submenu | 52 | |
| Enter hero's abilities submenu | 14 | |
| Give item / drop item | 7 | |
| Right click | 1987 | |
| Select / deselect | 704 | |
| Select group hotkey | 1395 | |
| Use ability | 334 | |
4830 total
» units
| Acolyte | 13 | |
| Ghoul | 3 | |
| Crypt Fiend | 14 | |
| Obsidian Statue | 2 | |
| Abomination | 5 | |
| Frost Wyrm | 3 | |
| Meatwagon | 2 | |
42 total
» upgrades
| Creature Attack | 3 | |
| Web | 1 | |
| Burrow | 2 | |
| Ghoul Frenzy | 1 | |
| Creature Carapace | 3 | |
| Unholy Armor | 3 | |
| Disease Cloud | 1 | |
| Cannibalize | 1 | |
| Unholy Strength | 3 | |
| Necromancer Training | 2 | |
| Banshee Training | 2 | |
| Freezing Breath | 1 | |
| Destroyer Form | 1 | |
| Skeletal Longevity | 1 | |
| Exhume Corpses | 1 | |
| Backpack | 1 | |
| Stone Form | 1 | |
28 total
» buildings
| Graveyard | 1 | |
| Crypt | 3 | |
| Altar of Darkness | 1 | |
| Ziggurat | 29 | |
| Tomb of Relics | 2 | |
| Halls of the Dead | 3 | |
| Nerubian Tower | 9 | |
| Necropolis | 2 | |
| Spirit Tower | 43 | |
| Black Citadel | 3 | |
| Sacrificial Pit | 2 | |
| Slaughterhouse | 3 | |
| Boneyard | 3 | |
| Temple of the Damned | 2 | |
106 total
» build order
00:10 Graveyard
00:27 Crypt
00:42 Altar of Darkness
01:00 Ziggurat
01:28 Tomb of Relics
02:04 Ziggurat
03:42 Halls of the Dead
03:42 Halls of the Dead
04:59 Ziggurat
05:17 Nerubian Tower
05:17 Nerubian Tower
05:17 Nerubian Tower
06:47 Ziggurat
08:45 Necropolis
09:21 Spirit Tower
09:22 Spirit Tower
10:02 Ziggurat
10:03 Ziggurat
10:04 Ziggurat
10:25 Ziggurat
10:25 Ziggurat
10:45 Ziggurat
11:25 Black Citadel
11:25 Black Citadel
11:25 Black Citadel
11:27 Spirit Tower
11:28 Spirit Tower
11:28 Spirit Tower
12:13 Spirit Tower
12:17 Spirit Tower
12:17 Spirit Tower
12:17 Spirit Tower
12:37 Ziggurat
12:38 Ziggurat
13:33 Spirit Tower
13:33 Spirit Tower
13:33 Spirit Tower
13:34 Spirit Tower
13:58 Ziggurat
13:58 Ziggurat
14:03 Ziggurat
14:04 Ziggurat
14:05 Ziggurat
14:12 Ziggurat
15:05 Spirit Tower
15:05 Spirit Tower
15:07 Nerubian Tower
15:07 Nerubian Tower
15:08 Spirit Tower
15:08 Spirit Tower
15:08 Spirit Tower
15:08 Spirit Tower
15:09 Spirit Tower
15:09 Spirit Tower
16:24 Spirit Tower
16:24 Spirit Tower
16:25 Spirit Tower
16:29 Ziggurat
16:32 Spirit Tower
16:32 Spirit Tower
17:22 Tomb of Relics
17:27 Ziggurat
17:29 Ziggurat
17:30 Ziggurat
18:29 Sacrificial Pit
18:35 Sacrificial Pit
19:04 Slaughterhouse
19:49 Ziggurat
20:03 Ziggurat
20:08 Ziggurat
20:44 Spirit Tower
20:45 Ziggurat
23:01 Nerubian Tower
23:01 Nerubian Tower
23:02 Nerubian Tower
26:15 Boneyard
26:18 Boneyard
26:19 Boneyard
26:40 Slaughterhouse
26:50 Temple of the Damned
26:52 Temple of the Damned
29:28 Slaughterhouse
29:35 Crypt
29:39 Crypt
47:37 Ziggurat
47:38 Ziggurat
47:39 Ziggurat
47:44 Necropolis
48:45 Spirit Tower
48:45 Spirit Tower
48:47 Spirit Tower
48:48 Spirit Tower
48:48 Spirit Tower
48:48 Spirit Tower
» items
| Rod of Necromancy | 2 | |
| Sacrificial Skull | 3 | |
| Scroll of Town Portal | 10 | |
| Periapt of Vitality | 3 | |
| Staff of Teleportation | 2 | |
| Potion of Lesser Invulnerability | 3 | |
| Orb of Corruption | 2 | |
| Potion of Mana | 3 | |
| Scroll of Healing | 4 | |
| Potion of Healing | 1 | |
33 total
Turtle_Focker (
orange | 21 APM | 978 actions | 46:00)
7 Blademaster
3 Wind Walk
3 Critical Strike
1 Bladestorm
» actions
| Basic commands | 118 | |
| Build / train | 57 | |
| Enter build submenu | 20 | |
| Enter hero's abilities submenu | 7 | |
| Remove unit from queue | 9 | |
| Right click | 401 | |
| Select / deselect | 292 | |
| Use ability | 74 | |
978 total
» units
» upgrades
| Melee Weapons | 2 | |
| Armor | 2 | |
| Pulverize | 1 | |
5 total
» buildings
| Altar of Storms | 1 | |
| Orc Burrow | 12 | |
| Barracks | 1 | |
| Voodoo Lounge | 1 | |
| Stronghold | 1 | |
| War Mill | 1 | |
| Fortress | 1 | |
| Tauren Totem | 2 | |
| Great Hall | 1 | |
21 total
» build order
00:05 Altar of Storms
00:08 Orc Burrow
01:07 Barracks
01:18 Voodoo Lounge
01:42 Orc Burrow
02:47 Orc Burrow
03:17 Stronghold
04:42 War Mill
05:38 Fortress
08:03 Tauren Totem
08:06 Tauren Totem
08:12 Orc Burrow
09:31 Orc Burrow
19:58 Orc Burrow
19:59 Orc Burrow
20:02 Orc Burrow
23:05 Orc Burrow
23:10 Orc Burrow
23:12 Orc Burrow
23:15 Orc Burrow
30:19 Great Hall
» items
| Healing Salve | 2 | |
| Lesser Clarity Potion | 3 | |
| Scroll of Town Portal | 2 | |
| Orb of Lightning | 1 | |
| Tiny Great Hall | 1 | |
| Potion of Healing | 1 | |
10 total

»
78704 (
red | 59 APM | 2694 actions | 46:02)
5 Death Knight
3 Death Coil
2 Unholy Aura
6 Crypt Lord
3 Impale
2 Spiked Carapace
1 Locust Swarm
» actions
| Assign group hotkey | 51 | |
| Basic commands | 26 | |
| Build / train | 95 | |
| Enter build submenu | 33 | |
| Enter hero's abilities submenu | 11 | |
| Give item / drop item | 1 | |
| Right click | 825 | |
| Select / deselect | 376 | |
| Select group hotkey | 1187 | |
| Use ability | 89 | |
2694 total
» units
| Acolyte | 7 | |
| Ghoul | 6 | |
| Crypt Fiend | 16 | |
| Banshee | 5 | |
| Obsidian Statue | 6 | |
| Gargoyle | 13 | |
53 total
» upgrades
| Creature Carapace | 3 | |
| Creature Attack | 3 | |
| Web | 1 | |
| Banshee Training | 2 | |
9 total
» buildings
| Ziggurat | 18 | |
| Altar of Darkness | 4 | |
| Crypt | 2 | |
| Graveyard | 2 | |
| Nerubian Tower | 2 | |
| Tomb of Relics | 1 | |
| Halls of the Dead | 1 | |
| Black Citadel | 1 | |
| Temple of the Damned | 2 | |
| Spirit Tower | 3 | |
| Slaughterhouse | 1 | |
| Sacrificial Pit | 1 | |
| Necropolis | 2 | |
40 total
» build order
00:16 Ziggurat
00:19 Altar of Darkness
00:42 Crypt
01:11 Ziggurat
01:28 Graveyard
01:41 Nerubian Tower
02:13 Tomb of Relics
03:36 Ziggurat
04:30 Halls of the Dead
06:39 Ziggurat
08:40 Ziggurat
08:42 Ziggurat
08:43 Ziggurat
09:36 Black Citadel
10:18 Temple of the Damned
10:20 Temple of the Damned
10:26 Spirit Tower
11:53 Slaughterhouse
16:09 Crypt
19:51 Sacrificial Pit
24:22 Spirit Tower
27:15 Ziggurat
27:16 Ziggurat
27:16 Ziggurat
27:18 Ziggurat
27:54 Necropolis
29:22 Altar of Darkness
31:16 Graveyard
31:34 Ziggurat
31:38 Nerubian Tower
32:25 Necropolis
32:45 Spirit Tower
33:35 Ziggurat
33:37 Ziggurat
35:45 Ziggurat
35:46 Ziggurat
35:48 Ziggurat
36:02 Altar of Darkness
36:58 Altar of Darkness
37:19 Ziggurat
» items
| Rod of Necromancy | 1 | |
| Scroll of Town Portal | 9 | |
| Orb of Corruption | 2 | |
| Boots of Speed | 1 | |
13 total
team 2 (winner)
whyoowhyoyoyooo (
purple | 44 APM | 1926 actions | 44:01)
8 Mountain King
3 Storm Bolt
3 Bash
1 Avatar
1 Thunder Clap
» actions
| Assign group hotkey | 33 | |
| Basic commands | 16 | |
| Build / train | 84 | |
| ESC pressed | 1 | |
| Enter build submenu | 22 | |
| Enter hero's abilities submenu | 8 | |
| Remove unit from queue | 2 | |
| Right click | 810 | |
| Select / deselect | 301 | |
| Select group hotkey | 534 | |
| Use ability | 115 | |
1926 total
» units
» upgrades
| Gunpowder | 2 | |
| Armor | 2 | |
| Masonry | 1 | |
| Long Rifles | 1 | |
6 total
» buildings
| Farm | 7 | |
| Altar of Kings | 1 | |
| Blacksmith | 1 | |
| Barracks | 3 | |
| Lumber Mill | 1 | |
| Arcane Vault | 2 | |
| Keep | 1 | |
| Scout Tower | 5 | |
| Arcane Tower | 3 | |
| Town Hall | 2 | |
| Guard Tower | 1 | |
27 total
» build order
00:50 Farm
00:52 Altar of Kings
01:24 Blacksmith
01:41 Barracks
01:51 Barracks
02:07 Farm
02:11 Farm
02:38 Farm
02:52 Lumber Mill
03:18 Farm
04:35 Arcane Vault
05:28 Keep
05:41 Farm
06:17 Scout Tower
06:39 Farm
07:08 Arcane Tower
09:27 Arcane Vault
19:58 Barracks
22:04 Town Hall
27:23 Scout Tower
27:25 Scout Tower
27:27 Scout Tower
27:29 Scout Tower
27:42 Town Hall
27:54 Arcane Tower
27:55 Arcane Tower
27:57 Guard Tower
» items
| Healing Salve | 2 | |
| Lesser Clarity Potion | 4 | |
| Scroll of Speed | 1 | |
| Scroll of Town Portal | 8 | |
| Boots of Speed | 1 | |
| Scroll of Regeneration | 6 | |
| Potion of Healing | 3 | |
25 total
TRAININGWHEELS (
yellow | 65 APM | 4692 actions | 71:48)
8 Blademaster
3 Critical Strike
3 Wind Walk
1 Bladestorm
1 Mirror Image
7 Shadow Hunter
3 Hex
3 Healing Wave
1 Big Bad Voodoo
» actions
| Assign group hotkey | 44 | |
| Basic commands | 29 | |
| Build / train | 86 | |
| Enter build submenu | 41 | |
| Enter hero's abilities submenu | 15 | |
| Give item / drop item | 2 | |
| Right click | 2252 | |
| Select / deselect | 428 | |
| Select group hotkey | 1566 | |
| Use ability | 229 | |
4692 total
» units
» upgrades
| Envenomed Spears | 1 | |
| Reinforced Defenses | 1 | |
| Ranged Weapons | 2 | |
| Armor | 2 | |
6 total
» buildings
| Altar of Storms | 1 | |
| Barracks | 1 | |
| Orc Burrow | 13 | |
| Voodoo Lounge | 4 | |
| Stronghold | 7 | |
| Great Hall | 4 | |
| Beastiary | 5 | |
| Fortress | 2 | |
| War Mill | 1 | |
| Watch Tower | 47 | |
85 total
» build order
00:11 Altar of Storms
00:22 Barracks
00:41 Orc Burrow
01:45 Orc Burrow
02:07 Voodoo Lounge
03:07 Stronghold
03:53 Great Hall
05:20 Orc Burrow
05:30 Beastiary
05:35 Beastiary
05:41 Orc Burrow
06:00 Orc Burrow
07:50 Fortress
07:50 Fortress
08:09 Orc Burrow
09:16 War Mill
11:47 Watch Tower
11:47 Watch Tower
11:48 Watch Tower
12:16 Beastiary
13:30 Orc Burrow
14:50 Watch Tower
14:50 Watch Tower
14:50 Watch Tower
14:51 Watch Tower
14:51 Watch Tower
14:51 Watch Tower
23:28 Watch Tower
23:28 Watch Tower
23:29 Watch Tower
23:30 Watch Tower
23:30 Watch Tower
24:56 Watch Tower
24:57 Watch Tower
25:56 Watch Tower
25:57 Watch Tower
30:54 Great Hall
31:00 Watch Tower
31:01 Watch Tower
31:01 Watch Tower
31:01 Watch Tower
32:16 Watch Tower
32:17 Watch Tower
32:17 Watch Tower
32:17 Watch Tower
34:04 Great Hall
34:12 Watch Tower
34:12 Watch Tower
34:13 Watch Tower
34:13 Watch Tower
34:13 Watch Tower
35:22 Watch Tower
35:22 Watch Tower
35:24 Watch Tower
35:24 Watch Tower
36:14 Voodoo Lounge
50:31 Stronghold
50:31 Stronghold
50:32 Stronghold
50:35 Orc Burrow
50:36 Orc Burrow
50:38 Orc Burrow
51:45 Watch Tower
51:46 Watch Tower
51:46 Watch Tower
52:46 Orc Burrow
53:23 Watch Tower
53:23 Watch Tower
53:23 Watch Tower
55:06 Watch Tower
55:06 Watch Tower
55:07 Watch Tower
55:07 Watch Tower
55:08 Watch Tower
55:08 Watch Tower
56:30 Beastiary
56:31 Beastiary
58:02 Orc Burrow
58:02 Orc Burrow
62:29 Voodoo Lounge
62:34 Voodoo Lounge
62:41 Great Hall
67:53 Stronghold
67:54 Stronghold
» items
| Healing Salve | 5 | |
| Scroll of Town Portal | 9 | |
| Orb of Lightning | 1 | |
| Potion of Mana | 2 | |
| Staff of Teleportation | 2 | |
| Boots of Speed | 1 | |
| Potion of Lesser Invulnerability | 1 | |
21 total
Beelzebub (
pink | 42 APM | 3034 actions | 71:47)
10 Archmage
3 Summon Water Elemental
3 Brilliance Aura
1 Mass Teleport
3 Blizzard
» actions
| Assign group hotkey | 37 | |
| Basic commands | 113 | |
| Build / train | 171 | |
| Enter build submenu | 101 | |
| Enter hero's abilities submenu | 11 | |
| Give item / drop item | 7 | |
| Remove unit from queue | 2 | |
| Right click | 1056 | |
| Select / deselect | 688 | |
| Select group hotkey | 580 | |
| Use ability | 268 | |
3034 total
» units
| Peasant | 16 | |
| Footman | 4 | |
| Gryphon Rider | 19 | |
| Siege Engine | 23 | |
| Dragonhawk Rider | 3 | |
65 total
» upgrades
| Lumber Harvesting | 2 | |
| Masonry | 3 | |
| Swords | 3 | |
| Armor | 3 | |
| Gunpowder | 3 | |
| Plating | 3 | |
| Barrage | 1 | |
| Magic Sentry | 1 | |
| Storm Hammers | 1 | |
| Cloud | 1 | |
| Animal War Training | 1 | |
| Flare | 1 | |
23 total
» buildings
| Altar of Kings | 1 | |
| Barracks | 1 | |
| Farm | 13 | |
| Scout Tower | 90 | |
| Arcane Tower | 1 | |
| Lumber Mill | 2 | |
| Arcane Vault | 6 | |
| Keep | 1 | |
| Town Hall | 3 | |
| Guard Tower | 28 | |
| Castle | 1 | |
| Gryphon Aviary | 4 | |
| Blacksmith | 2 | |
| Workshop | 5 | |
| Arcane Sanctum | 1 | |
159 total
» build order
00:50 Altar of Kings
00:52 Barracks
00:55 Farm
00:56 Farm
01:05 Farm
01:39 Farm
01:44 Farm
01:54 Scout Tower
02:28 Arcane Tower
03:05 Lumber Mill
03:20 Arcane Vault
03:22 Arcane Vault
04:21 Keep
04:30 Town Hall
04:47 Scout Tower
04:48 Scout Tower
04:51 Scout Tower
05:26 Guard Tower
06:06 Guard Tower
08:00 Castle
08:46 Scout Tower
08:47 Scout Tower
08:48 Scout Tower
08:49 Scout Tower
08:51 Scout Tower
08:53 Scout Tower
09:24 Guard Tower
10:02 Guard Tower
10:24 Scout Tower
10:25 Scout Tower
10:25 Scout Tower
10:27 Scout Tower
11:10 Guard Tower
12:11 Gryphon Aviary
12:13 Gryphon Aviary
12:13 Gryphon Aviary
12:14 Gryphon Aviary
12:34 Blacksmith
12:37 Blacksmith
14:05 Farm
16:00 Workshop
16:01 Workshop
16:03 Workshop
20:32 Scout Tower
20:33 Scout Tower
20:34 Scout Tower
20:36 Scout Tower
21:36 Guard Tower
22:47 Workshop
22:48 Workshop
22:54 Lumber Mill
22:58 Scout Tower
22:59 Scout Tower
23:00 Scout Tower
23:02 Scout Tower
23:36 Guard Tower
24:47 Arcane Sanctum
25:08 Arcane Vault
29:00 Farm
35:58 Town Hall
36:03 Scout Tower
36:03 Scout Tower
36:04 Scout Tower
36:04 Scout Tower
36:07 Scout Tower
36:08 Scout Tower
36:09 Scout Tower
36:09 Scout Tower
36:09 Scout Tower
36:34 Guard Tower
37:43 Guard Tower
40:01 Arcane Vault
40:04 Farm
40:04 Farm
40:05 Farm
40:05 Farm
54:50 Farm
54:56 Farm
56:37 Scout Tower
56:38 Scout Tower
56:41 Scout Tower
56:48 Scout Tower
57:25 Scout Tower
57:27 Scout Tower
57:28 Scout Tower
57:30 Scout Tower
57:30 Scout Tower
57:34 Guard Tower
58:16 Guard Tower
58:19 Scout Tower
58:20 Scout Tower
58:21 Scout Tower
58:22 Scout Tower
58:26 Scout Tower
58:30 Scout Tower
58:43 Scout Tower
58:44 Scout Tower
58:45 Scout Tower
58:46 Scout Tower
58:48 Scout Tower
58:51 Scout Tower
58:53 Scout Tower
58:53 Scout Tower
58:58 Scout Tower
59:00 Scout Tower
59:06 Guard Tower
59:44 Guard Tower
59:58 Guard Tower
59:59 Guard Tower
60:01 Guard Tower
60:57 Guard Tower
61:49 Scout Tower
61:50 Scout Tower
61:52 Scout Tower
61:53 Scout Tower
61:55 Scout Tower
61:59 Scout Tower
62:00 Scout Tower
62:03 Scout Tower
62:08 Scout Tower
62:09 Scout Tower
62:10 Scout Tower
62:11 Scout Tower
62:16 Scout Tower
62:23 Scout Tower
62:24 Scout Tower
62:26 Scout Tower
62:27 Scout Tower
62:31 Scout Tower
62:34 Scout Tower
62:35 Scout Tower
62:36 Scout Tower
63:05 Guard Tower
63:24 Guard Tower
63:27 Guard Tower
63:30 Guard Tower
63:31 Guard Tower
64:18 Guard Tower
64:25 Guard Tower
64:32 Guard Tower
64:44 Guard Tower
64:51 Arcane Vault
69:05 Town Hall
69:49 Scout Tower
69:50 Scout Tower
69:50 Scout Tower
69:51 Scout Tower
69:52 Scout Tower
69:53 Scout Tower
69:54 Scout Tower
69:54 Scout Tower
69:57 Scout Tower
69:58 Scout Tower
69:59 Scout Tower
70:02 Arcane Vault
70:18 Guard Tower
» items
| Scroll of Regeneration | 3 | |
| Mechanical Critter | 9 | |
| Potion of Healing | 9 | |
| Scroll of Town Portal | 4 | |
| Tome of Retraining | 1 | |
| Potion of Invisibility | 3 | |
| Staff of Teleportation | 1 | |
| Periapt of Vitality | 2 | |
| Potion of Lesser Invulnerability | 1 | |
33 total

»
dkffprtmrkWkd (
teal | 61 APM | 3032 actions | 49:28)
7 Tauren Chieftain
3 War Stomp
2 Endurance Aura
1 Reincarnation
1 Shockwave
» actions
| Assign group hotkey | 72 | |
| Basic commands | 392 | |
| Build / train | 136 | |
| ESC pressed | 1 | |
| Enter build submenu | 31 | |
| Enter hero's abilities submenu | 8 | |
| Remove unit from queue | 4 | |
| Right click | 565 | |
| Select / deselect | 736 | |
| Select group hotkey | 921 | |
| Use ability | 166 | |
3032 total
» units
| Peon | 18 | |
| Grunt | 4 | |
| Troll Headhunter/Berserker | 33 | |
| Shaman | 13 | |
| Tauren | 17 | |
| Troll Witch Doctor | 7 | |
92 total
» upgrades
| Armor | 2 | |
| Ranged Weapons | 1 | |
| Troll Regeneration | 1 | |
| Shaman Training | 2 | |
| Berserker Upgrade | 1 | |
| Pulverize | 1 | |
| Witch Doctor Training | 2 | |
10 total
» buildings
| Altar of Storms | 1 | |
| Barracks | 1 | |
| Orc Burrow | 7 | |
| Voodoo Lounge | 2 | |
| War Mill | 1 | |
| Watch Tower | 8 | |
| Stronghold | 3 | |
| Fortress | 1 | |
| Spirit Lodge | 1 | |
| Great Hall | 4 | |
| Tauren Totem | 1 | |
30 total
» build order
00:08 Altar of Storms
00:11 Barracks
00:31 Orc Burrow
01:50 Orc Burrow
02:35 Voodoo Lounge
03:58 War Mill
05:16 Watch Tower
05:19 Watch Tower
05:26 Voodoo Lounge
05:39 Watch Tower
05:49 Orc Burrow
06:54 Stronghold
06:54 Stronghold
06:54 Stronghold
09:52 Fortress
10:19 Spirit Lodge
10:49 Orc Burrow
12:55 Great Hall
13:37 Tauren Totem
17:10 Orc Burrow
17:14 Orc Burrow
18:35 Orc Burrow
27:27 Great Hall
38:41 Great Hall
42:13 Great Hall
44:59 Watch Tower
45:03 Watch Tower
45:08 Watch Tower
45:59 Watch Tower
46:06 Watch Tower
» items
| Boots of Speed | 2 | |
| Healing Salve | 5 | |
| Scroll of Town Portal | 7 | |
| Potion of Healing | 2 | |
| Orb of Lightning | 1 | |
| Scroll of Speed | 1 | |
| Lesser Clarity Potion | 1 | |
19 total
Chat log
(00:30 / Allies) whyoowhyoyoyooo: kbilly hax
(00:31 / Allies) whyoowhyoyoyooo: beware
(00:47 / Allies) TRAININGWHEELS: really
(00:56 / Allies) whyoowhyoyoyooo: very really
(00:57 / Allies) TRAININGWHEELS: we actually own his ass but didnt know he mh
(01:06 / Allies) whyoowhyoyoyooo: yup
(01:08 / Allies) whyoowhyoyoyooo: bigtime
(01:09 / Allies) TRAININGWHEELS: lets put pressure on his ass
(01:18 / Allies) whyoowhyoyoyooo: agreed
(02:19 / Allies) Beelzebub: lumbs
(02:58 / Allies) TRAININGWHEELS: teal can u help me expo plz
(03:34 / Allies) whyoowhyoyoyooo: we should hit guys
(03:50 / Allies) whyoowhyoyoyooo: orc porb tehcing
(03:59 / Allies) TRAININGWHEELS: salv hold up
(05:04 / All) Undeadisshlt: undead is such a gay race
(05:14 / All) Undeadisshlt: and no way to heal a dk efficiently
(06:08 / All) Turtle_Focker: allah akbar
(06:23 / All) Undeadisshlt: 2 rings of regen on a dk, sweet
(06:27 / All) Undeadisshlt: nvm to my complaint it won't heal lol
(06:28 / Allies) TRAININGWHEELS: wood me
(06:30 / Allies) Beelzebub: woods
(06:44 / All) Turtle_Focker: cant believe you didnt kill my bm lol
(07:09 / All) TRAININGWHEELS: well green mh's, you may do too. just gave up
(07:16 / All) KBilly: I do not mh
(07:22 / Allies) Beelzebub: HELP
(07:36 / Allies) Beelzebub: HELP
(07:47 / Allies) whyoowhyoyoyooo: 3k gold pink
(07:49 / Allies) whyoowhyoyoyooo: wtf man
(07:56 / Allies) whyoowhyoyoyooo: idiot
(08:13 / All) KBilly: What makes you think I hack?
(08:19 / All) TRAININGWHEELS: purp sai du did
(08:25 / All) KBilly: I do not
(08:29 / Allies) whyoowhyoyoyooo: tela
(08:32 / Allies) whyoowhyoyoyooo: no upgradfe wtf man
(08:33 / All) Undeadisshlt: Is green a maphacker?
(08:38 / All) Undeadisshlt: do I have mh on my team?
(08:43 / All) KBilly: No.
(08:49 / All) Turtle_Focker: i see no evidence of that
(09:08 / All) Beelzebub: lawl
(10:05 / Allies) TRAININGWHEELS: lets push pressure
(10:21 / Allies) whyoowhyoyoyooo: pink wtf
(10:22 / Allies) whyoowhyoyoyooo: foots
(10:27 / Allies) whyoowhyoyoyooo: 3k gold still
(10:30 / Allies) TRAININGWHEELS: he fine
(10:32 / Allies) TRAININGWHEELS: lets go
(10:47 / Allies) whyoowhyoyoyooo: gold me
(10:52 / Allies) whyoowhyoyoyooo: i tpd to u TWICE NIHGGGA
(11:30 / Allies) Beelzebub: b?
(12:08 / Allies) whyoowhyoyoyooo: 4k gold pink
(12:12 / Allies) whyoowhyoyoyooo: u fuck tard bitch
(12:21 / Allies) whyoowhyoyoyooo: useless cunt
(12:30 / Allies) TRAININGWHEELS: give pink wood he getting griffs
(13:33 / Allies) whyoowhyoyoyooo: 2 herre fag team
(13:44 / All) Undeadisshlt: Lumber fucking sucks as undead too
(13:47 / All) Undeadisshlt: 2 food lumber harvesters
(13:53 / Allies) whyoowhyoyoyooo: u guys terrible.
(13:56 / All) Beelzebub: lawl kbilly do mh
(14:01 / Allies) whyoowhyoyoyooo: obviously
(14:03 / All) KBilly: I do not
(14:05 / Allies) whyoowhyoyoyooo: 6k boy u are
(14:07 / Allies) whyoowhyoyoyooo: retarded
(14:25 / All) Beelzebub: mom says I'm just mentally special
(14:52 / All) whyoowhyoyoyooo: my team is wretched
(14:54 / All) Undeadisshlt: little prick faggot purple going for his better
(14:57 / All) whyoowhyoyoyooo: opink is terrible
(14:57 / All) Undeadisshlt: you're wretched
(15:02 / All) Undeadisshlt: attack anyone but me you little son of a bitch
(15:26 / All) Beelzebub: that web is such bullshit
(15:35 / All) Beelzebub: it took my griff like 50 meters away
(15:42 / All) Beelzebub: kbilly does mh
(15:48 / Allies) TRAININGWHEELS: dont hit blue
(15:50 / Allies) TRAININGWHEELS: hit green
(15:52 / All) Beelzebub: and it's obvious
(16:00 / All) KBilly: It's called scouting asshole
(16:03 / Allies) whyoowhyoyoyooo: HIT NOW
(16:05 / All) Beelzebub: sure
(16:07 / Allies) TRAININGWHEELS: DONT HIT BLUE
(16:08 / Allies) TRAININGWHEELS: RETARD
(16:09 / Allies) whyoowhyoyoyooo: HIT NOW
(16:10 / All) KBilly: watch replay
(16:15 / All) Undeadisshlt: If we watched the replay
(16:19 / All) Undeadisshlt: we may see that you are a hacker
(16:23 / All) KBilly: Good.
(16:27 / All) Beelzebub: that'd just make you a covert hacker
(16:47 / Allies) whyoowhyoyoyooo: b teal
(16:49 / Allies) whyoowhyoyoyooo: retards
(17:01 / Allies) whyoowhyoyoyooo: 6k gold
(17:05 / All) whyoowhyoyoyooo: pink has 6k gold
(17:08 / All) whyoowhyoyoyooo: i shit u not
(17:10 / All) whyoowhyoyoyooo: with no units
(17:17 / All) Beelzebub: klol
(17:18 / All) Beelzebub: kbilly
(18:21 / Allies) whyoowhyoyoyooo: u guys lose with me
(18:24 / Allies) whyoowhyoyoyooo: i guarantee it
(18:54 / Allies) whyoowhyoyoyooo: GOLD ME NOW PINK
(18:57 / Allies) whyoowhyoyoyooo: u stupid CUNT
(19:10 / Allies) whyoowhyoyoyooo: GOLD ME
(19:37 / Allies) TRAININGWHEELS: send the tanks at kbilly expo
(19:49 / Allies) whyoowhyoyoyooo: yellow com wiht me
(19:50 / Allies) whyoowhyoyoyooo: pls
(19:51 / Allies) TRAININGWHEELS: purple quit hitting blue u retard
(20:13 / Allies) whyoowhyoyoyooo: blue mhs too
(20:15 / Allies) TRAININGWHEELS: hit green expo
(21:15 / All) Beelzebub: tjois pathfind
(21:17 / All) Beelzebub: so bad
(23:31 / All) Beelzebub: kbilly hacker lol
(23:37 / All) KBilly: Fuck you
(25:16 / Allies) TRAININGWHEELS: send the tanks at billy nigga
(25:48 / All) Undeadisshlt: a few units and my dk for the XP of a level 7 hero
(25:51 / All) Undeadisshlt: Not sure that's worth it lol
(25:53 / All) whyoowhyoyoyooo: pink has over 7 k gold
(25:54 / All) Undeadisshlt: got 2 level ups on my lich
(25:58 / All) Undeadisshlt: I have over 9,000
(25:59 / All) whyoowhyoyoyooo: he is just terrible...
(26:08 / All) whyoowhyoyoyooo: waste of air pink is
(26:43 / Allies) whyoowhyoyoyooo: game over
(27:28 / Allies) TRAININGWHEELS: bob tp at my bm when im at greeen
(28:04 / Allies) whyoowhyoyoyooo: 100g pls
(28:07 / All) Beelzebub: bs I tpd
(28:17 / All) Undeadisshlt: gotta love the built in latency
(28:28 / Allies) whyoowhyoyoyooo: 100 gold pls
(28:31 / All) Beelzebub: I tped like 1 second before am died
(28:39 / All) Beelzebub: I think I might have dragged it a bit tho
(28:58 / Allies) dkffprtmrkWkd: CUZ WE COVER U
(29:01 / Allies) dkffprtmrkWkd: IDIOT
(29:20 / Allies) whyoowhyoyoyooo: bl;ue is massive douch
(29:22 / Allies) whyoowhyoyoyooo: troll
(29:38 / Allies) whyoowhyoyoyooo: fuck fags
(29:41 / Allies) whyoowhyoyoyooo: wouldnt even gimme 100 gold
(29:55 / Allies) whyoowhyoyoyooo: too late
(29:57 / Allies) whyoowhyoyoyooo: us tupid cunt
(30:00 / Allies) whyoowhyoyoyooo: i asked many times
(30:03 / Allies) whyoowhyoyoyooo: now im fucked
(30:06 / Allies) whyoowhyoyoyooo: now u fucked bitches
(30:24 / All) whyoowhyoyoyooo: pink is asshole
(30:33 / All) Undeadisshlt: I like my team, not even complaining about my 10k gold
(30:35 / All) whyoowhyoyoyooo: trash players
(30:35 / Allies) Beelzebub: I gave you gold jerk
(30:45 / All) whyoowhyoyoyooo: u a mhing troll
(30:47 / All) whyoowhyoyoyooo: who cares about you
(30:51 / All) whyoowhyoyoyooo: your mom doesnt even
(30:52 / All) whyoowhyoyoyooo: faggot
(31:26 / All) Beelzebub: purp tking me now
(31:31 / All) Undeadisshlt: purple tk?
(31:32 / All) Turtle_Focker: lol
(31:36 / Allies) TRAININGWHEELS: tal
(31:36 / All) Undeadisshlt: You should report him to blizzard
(31:38 / All) Undeadisshlt: I'll file one too
(31:51 / All) Beelzebub: I gave this prick gold too
(31:59 / All) Undeadisshlt: wow
(32:01 / All) Undeadisshlt: seriously?
(32:04 / All) Undeadisshlt: report that fucker
(32:05 / All) Beelzebub: yes
(32:06 / All) Undeadisshlt: get his cd key banned
(32:09 / All) Undeadisshlt: so he can never play again
(32:13 / All) Undeadisshlt: I hate people who tk
(32:23 / All) whyoowhyoyoyooo: this team is complete trash
(32:31 / All) Beelzebub: k billy got my peons didn't he
(32:44 / All) Undeadisshlt: they're stuck with a tk noob
(33:18 / Allies) TRAININGWHEELS: stay teal
(33:21 / Allies) TRAININGWHEELS: stau
(33:22 / Allies) TRAININGWHEELS: tea;
(33:33 / Allies) whyoowhyoyoyooo: blue is amhing cvunt anyways
(33:35 / Allies) whyoowhyoyoyooo: u cant win
(33:43 / Allies) whyoowhyoyoyooo: no team work
(33:45 / Allies) whyoowhyoyoyooo: u guys fags
(33:58 / Allies) Beelzebub: Shut up pussy
(34:02 / Allies) Beelzebub: you only attack me because I have tanks
(34:03 / Allies) whyoowhyoyoyooo: ur garbage pink
(34:21 / Allies) Beelzebub: What did you do all game pussy
(34:31 / Allies) Beelzebub: I had to change unit because of mher orc
(35:44 / All) Turtle_Focker: lol my bad
(35:52 / Allies) TRAININGWHEELS: tp at my bm bob
(36:10 / Allies) TRAININGWHEELS: wait for teal
(37:11 / All) TRAININGWHEELS: hacker kbilly down
(37:17 / All) KBilly: I do not hack
(37:18 / All) Undeadisshlt: was he really a maphacker?
(37:25 / All) Turtle_Focker: well gg. purp for all your complaining your team isnt that bad
(37:32 / All) Undeadisshlt: Billy have you played these guys before or something?
(37:33 / All) whyoowhyoyoyooo: stfu
(37:36 / All) whyoowhyoyoyooo: bitch
(37:43 / All) Turtle_Focker: blue has 15 k lol. refuses to share
(37:46 / All) Undeadisshlt: and yet
(37:49 / All) Undeadisshlt: i did more than you al lgame
(37:50 / All) Undeadisshlt: orange
(37:51 / All) whyoowhyoyoyooo: who cares
(37:52 / All) Undeadisshlt: You ungrateful fuck
(37:53 / All) whyoowhyoyoyooo: trend for this game
(37:55 / All) Undeadisshlt: Purple is a noob
(37:58 / All) Undeadisshlt: worst player this game lol
(38:01 / All) Undeadisshlt: had no base like 15 minutes in
(38:09 / All) Turtle_Focker: and 15 k
(38:11 / All) Turtle_Focker: Lol
(38:18 / All) Undeadisshlt: Well I killed bases
(38:19 / All) Undeadisshlt: and you know
(38:22 / All) Undeadisshlt: buildings don't give xp man
(38:27 / All) Undeadisshlt: not sure you knew that haha
(38:37 / All) Turtle_Focker: lol green we are not winning this
(38:40 / All) Turtle_Focker: sorry
(38:48 / All) Turtle_Focker: they have 4 armies
(38:50 / All) Turtle_Focker: we have none
(38:53 / All) Beelzebub: cheaters never prosper, billy
(38:59 / All) Undeadisshlt: we had noobs like you on our team orange
(39:00 / All) KBilly: Fuck you. I do not cheat.
(39:02 / All) Undeadisshlt: I even gave you 1.5k earlier
(39:05 / All) Undeadisshlt: and all you do is fucking whine
(39:07 / All) Beelzebub: That's what every cheater says
(39:10 / All) whyoowhyoyoyooo: CHEATER
(39:10 / All) Beelzebub: pretty pathetic, buddy
(39:13 / All) whyoowhyoyoyooo: CHEATER BILLY
(39:23 / All) Turtle_Focker: me?? lol i havent had a mine for 20 mins. if you ever get over 10 k gold in warvraft you are retarded ok
(39:38 / All) Turtle_Focker: if you have excess gold in 4v4, you share
(39:39 / All) TRAININGWHEELS: hacker down
(39:40 / All) TRAININGWHEELS: faggot
(39:45 / All) Undeadisshlt: I share?
(39:50 / All) Turtle_Focker: you should, yes
(39:54 / All) Turtle_Focker: its not a 1v1
(40:01 / All) Turtle_Focker: giving me gold gives your team tauren
(40:06 / All) Undeadisshlt: hmm
(40:07 / All) whyoowhyoyoyooo: lol
(40:08 / All) whyoowhyoyoyooo: ded
(40:09 / All) Undeadisshlt: I don't think I share
(40:11 / All) Undeadisshlt: doesn't look like it
(40:14 / All) Turtle_Focker: Lol
(40:17 / All) whyoowhyoyoyooo: pay atttention mher billy
(40:28 / All) Undeadisshlt: Having fun watching me play orange?
(40:30 / All) Turtle_Focker: i honestly dont htink green was maphacking...
(40:33 / All) Undeadisshlt: I have gold and you don't LOL
(40:43 / All) Turtle_Focker: His base got hit so many times...
(40:46 / Allies) whyoowhyoyoyooo: yellow
(40:48 / Allies) whyoowhyoyoyooo: thats teal
(40:50 / Allies) whyoowhyoyoyooo: u killing man
(40:52 / Allies) TRAININGWHEELS: was killing green expo
(40:52 / Allies) whyoowhyoyoyooo: why?
(41:00 / Allies) TRAININGWHEELS: that mher will do anything
(41:03 / All) Turtle_Focker: blue i hope you are like 10 years old or else you are seriously stupid
(41:04 / Allies) whyoowhyoyoyooo: thast was teasl
(41:07 / Allies) TRAININGWHEELS: oh lol
(41:10 / Allies) whyoowhyoyoyooo: teal yellow killed ur expo
(41:14 / All) Undeadisshlt: lol
(41:19 / All) Undeadisshlt: says the ungrateful moron
(41:31 / All) Turtle_Focker: what should i be grateful for?
(41:38 / All) Turtle_Focker: i gave you what wood i could spare. all game
(41:42 / All) Undeadisshlt: yeah
(41:44 / All) Undeadisshlt: and I gave you 1.5k
(41:46 / All) Undeadisshlt: and killed two players
(41:50 / All) Turtle_Focker: you gave me 600 gold while sitting on 15000
(41:51 / All) Undeadisshlt: purple, and then teal's main base
(41:53 / All) Undeadisshlt: what did you do?
(41:59 / All) Undeadisshlt: no, I gave you 1.5k fucking liar check the score screen
(42:04 / Allies) whyoowhyoyoyooo: wanan hit?
(42:06 / All) Turtle_Focker: maybe, w/e
(42:07 / Allies) whyoowhyoyoyooo: or wait?
(42:10 / All) Turtle_Focker: Not that is matters
(42:14 / All) Undeadisshlt: what a fucking little bitch
(42:16 / All) Turtle_Focker: I gave you well over 1.5k wood
(42:17 / All) Undeadisshlt: Little bitches on my team
(42:23 / All) whyoowhyoyoyooo: troll
(42:24 / All) Undeadisshlt: so? I gave you 1.5k gold
(42:25 / All) Undeadisshlt: fair is fair
(42:27 / All) whyoowhyoyoyooo: go fuck a goat
(42:27 / All) Turtle_Focker: BLUE you have 15 k gold, your an idiot
(42:29 / All) whyoowhyoyoyooo: bitch
(42:32 / All) Undeadisshlt: I have 13k, buddy
(42:38 / All) Undeadisshlt: I hardly even HAVE gold
(42:38 / All) whyoowhyoyoyooo: hes a goat fucker
(42:59 / All) Turtle_Focker: anyways, was a good game other, team, and green and red on this teal. blue is an idiot, as his name and race choice imply
(43:22 / All) Undeadisshlt: was a good game other than you being a whiny little sissy boy
(43:24 / Allies) dkffprtmrkWkd: WHATEVER
(43:36 / All) Turtle_Focker: Lol green.
(43:39 / Allies) Beelzebub: Die rat
(43:40 / Allies) Beelzebub: Die
(43:45 / All) Turtle_Focker: lol what did he give you like 500
(43:46 / All) TRAININGWHEELS: purple deserves this loss cuz he was a prick to us
(43:48 / All) TRAININGWHEELS: calling us names
(43:50 / All) TRAININGWHEELS: like noob
(44:04 / Allies) Beelzebub: not so tough now are you boy
(44:29 / All) Turtle_Focker: blue your honestly really bad. red and green carried this team. i would have helped but i had no gold
(44:43 / All) TRAININGWHEELS: green didnt do shit lol. he hacks
(44:51 / All) KBilly: Troll
(45:07 / All) Turtle_Focker: ... i sort of doubt it. if he hacks why was his base hit so many times without resistance
(45:37 / All) TRAININGWHEELS: only 9 armor on cl
(45:38 / All) TRAININGWHEELS: sad
(45:49 / All) Turtle_Focker: anyways, gg everyone minus blue. blue play 1v1, its more suited to your autism.
(45:54 / All) Undeadisshlt: lol
(46:00 / All) Beelzebub: quit your bitchin nigger
(46:03 / All) Beelzebub: and just let things be
(46:07 / All) Beelzebub: you're messin up big time take it from me
(47:43 / All) Beelzebub: get to steppin noobie
(48:32 / All) Beelzebub: Kbilly is a hacking newbie
(48:37 / All) Beelzebub: IS there any other kind?
(48:38 / All) Undeadisshlt: I don't know man
(48:42 / All) Undeadisshlt: I think he might be legit
(48:43 / All) Undeadisshlt: from what I see
(48:56 / All) Beelzebub: Legitimately retarded
(48:58 / All) Beelzebub: and a newbie
(49:00 / All) Beelzebub: plus a hacker
(49:04 / All) Undeadisshlt: what makes you think he hacks
(49:09 / All) Undeadisshlt: Billy seems like a great ally to me
(49:16 / All) Beelzebub: I can see it on his desktop
(49:22 / All) Undeadisshlt: are you a hacker?
(49:25 / All) Undeadisshlt: how do you see his desktop?
(49:29 / All) TRAININGWHEELS: kbilly hacker down
(49:29 / All) Beelzebub: I'm a white hat hacker
(49:48 / All) Beelzebub: I'm a whistleblower, kbilly is a black hat , the villainous kind of hackers
(49:56 / All) Beelzebub: he's only in it for his own gain, a total dweeb
(49:58 / All) Undeadisshlt: so you're a hacker except you wear a white fedora, big deal faggot, we beat you fair and square
(50:09 / All) Undeadisshlt: You and yellow are tower noobs
(50:11 / All) Undeadisshlt: who play an easy race
(50:17 / All) Beelzebub: I wear a white "MAKE AMERICA GREAT AGAIN" hat
(50:33 / All) Undeadisshlt: you support that racist, sexist, transphobic and anti-feminist faggot?
(50:43 / All) Beelzebub: Yes, trannies are icky
(52:12 / All) Beelzebub: billy
(52:15 / All) Beelzebub: you just got raped
(52:16 / All) TRAININGWHEELS: well maybe the noob doesnt hack. he ran right into me
(52:23 / All) TRAININGWHEELS: could be a reverse physcology tactic tho
(52:25 / All) Beelzebub: face in the dirt, ass up
(52:27 / All) TRAININGWHEELS: purposely dieing
(52:39 / All) Beelzebub: he doesn't want to ruin his warcraft cred
(52:48 / All) Beelzebub: I see thru his charade
(53:07 / All) Undeadisshlt: Is there no way we could get Billy a city?
(58:03 / All) Beelzebub: Billy if you want this win
(58:10 / All) Beelzebub: Give us each 50 compliments
(58:12 / All) Beelzebub: Very nice ones
(58:15 / All) KBilly: You again?
(58:16 / All) TRAININGWHEELS: LOL
(58:21 / All) Undeadisshlt: wow
(58:24 / All) KBilly: ugh.
(58:26 / All) Undeadisshlt: you and yellow want 50 compliments?
(58:29 / All) Undeadisshlt: are you kidding?
(58:30 / All) TRAININGWHEELS: billy #1
(58:47 / All) Undeadisshlt: are you two serious?
(58:58 / All) TRAININGWHEELS: ya
(59:05 / All) Undeadisshlt: lol are you both those tkers I've seen on battle.net
(59:07 / All) Undeadisshlt: is you you fucking two
(59:13 / All) Undeadisshlt: I played you both last night
(59:32 / All) Undeadisshlt: played with you two a lot of times I think, actually
(59:35 / All) Beelzebub: Billy you have 5 minutes to pay us each 5 very nice compliments
(59:40 / All) Beelzebub: or else you will get clobbered
(59:53 / All) Beelzebub: because you gotta deal from strength or get crushed every time
(60:56 / All) TRAININGWHEELS: do it billy
(61:10 / All) TRAININGWHEELS: 5 compliments each
(61:23 / All) Beelzebub: 35, final offer
(62:07 / All) TRAININGWHEELS: lawl
(63:06 / All) Undeadisshlt: I really want a win
(63:19 / All) Undeadisshlt: green
(63:22 / All) Undeadisshlt: can you please
(63:31 / All) Undeadisshlt: dude its been like a 50 fucking minute game
(63:48 / All) Undeadisshlt: we can't lose just cuz you won't say 30 nice things to 2 idiots
(63:55 / All) Undeadisshlt: pink
(63:58 / All) Undeadisshlt: what if he said like 10
(63:59 / All) Beelzebub: C'mon Billy clock is tickin
(64:04 / All) Undeadisshlt: that's less hard to do
(64:10 / All) Beelzebub: They better be nice compliments, creative and make us feel very special
(64:16 / All) Undeadisshlt: 10 is good?
(64:21 / All) Beelzebub: 35
(64:28 / All) KBilly: CRYMORECRYMORE
(64:28 / All) Undeadisshlt: he wont fucking listen
(64:29 / All) Beelzebub: don't be cheap with your praise billy
(64:31 / All) Undeadisshlt: he won't do 35
(64:40 / All) Beelzebub: Guess you guys gotta lose
(64:42 / All) Undeadisshlt: not sure he'll help me get this win at all man
(64:46 / All) Undeadisshlt: plz make it 10?
(66:00 / All) Beelzebub: watchu making there billy?
(66:08 / All) Beelzebub: you can't even leave that base, silly billy!
(66:51 / All) Undeadisshlt: fuck
(67:12 / All) Beelzebub: Billy when you mess with teh best you die like the rest
(67:18 / All) Beelzebub: Just be a good boy and give us each 35 compliments
(67:23 / All) Beelzebub: Nice ones
(67:26 / All) TRAININGWHEELS: looks like we demoralized billy in that game a few weeks ago
(67:27 / All) Beelzebub: To make us both feel very special
(67:28 / All) TRAININGWHEELS: well pink did
(69:28 / Allies) Beelzebub: lumbers
(69:47 / Allies) TRAININGWHEELS: tp to me
(70:22 / Allies) TRAININGWHEELS: lets kill blue and leave red
(70:55 / All) Beelzebub: BILLY
(70:57 / All) Beelzebub: If you want htis win
(71:01 / All) Beelzebub: YOu gotta pay us those compliments
(71:08 / All) Beelzebub: Or we'll tear your bases down!
(71:16 / All) Beelzebub: You gotta deal from strength or get crushed everytime!